 Dungeon Crawl Stone Soup version 0.29.1-4-g47bece8355 (webtiles) character file.

Game seed: 18130446593523799973

7 zeram the Caller (level 1, -4/10 HPs)
             Began as a Deep Elf Summoner on Dec 9, 2022.
             Slain by a quokka (5 damage)
             ... on level 1 of the Dungeon.
             The game lasted 00:00:43 (523 turns).

zeram the Caller (Deep Elf Summoner)                 Turns: 523, Time: 00:00:43

Health: -4/10      AC:  2    Str:  5    XL:     1   Next: 83%
Magic:  6/6        EV: 12    Int: 19    God:
Gold:   63         SH:  0    Dex: 15    Spells: 5/6 levels left

rFire   . . .      SeeInvis .   (no weapon)
rCold   . . .      Faith    .   (no shield)
rNeg    . . .      Spirit   .   a - +0 robe
rPois   .          Reflect  .   (no helmet)
rElec   .          Harm     .   (no cloak)
rCorr   .          Rampage  .   (no gloves)
Will    .....                   (no boots)
Stlth   ++........              (no amulet)
HPRegen 0.03/turn               (no ring)
MPRegen 0.10/turn               (no ring)

@: no status effects
A: no striking features
a: no special abilities


You were on level 1 of the Dungeon.
You visited 1 branch of the dungeon, and saw 1 of its levels.

You collected 63 gold pieces.

Inventory:

Armour
 a - a +0 robe (worn)
Scrolls
 c - 2 scrolls of identify {unknown}
 d - a scroll of noise {unknown}
 e - a scroll of magic mapping {unknown}
Potions
 b - a potion of magic
 f - a potion of flight {unknown}
 g - a potion of curing {unknown}


   Skills:
 + Level 2.4 Dodging
 - Level 2.4 Stealth
 + Level 3.1 Spellcasting
 + Level 4.7 Summonings


You had 5 spell levels left.
You knew the following spells:

 Your Spells              Type           Power      Damage    Failure   Level
a - Summon Small Mammal   Summ           84%        N/A       2%          1

Your spell library contained the following spells:

 Spells                   Type           Power      Damage    Failure   Level
 Call Imp                 Summ           21%        N/A       3%          2
 Call Canine Familiar     Summ           21%        N/A       6%          3
 Apportation              Tloc           4%         N/A       16%         1
 Necrotise                Necr           8%         1d4       16%         1
 Summon Guardian Golem    Hex/Summ       11%        N/A       17%         3
 Summon Lightning Spire   Summ/Air       11%        N/A       50%         4


Dungeon Overview and Level Annotations

Branches:
Dungeon (1/15)

Altars:

Shops:
D:1 ?


Message History

The giant cockroach bites you but does no damage.
You hit the giant cockroach but do no damage.
The giant cockroach is moderately wounded.
Your quokka barely misses the giant cockroach.
The giant cockroach barely misses you.
You closely miss the giant cockroach.
The giant cockroach is moderately wounded.
Your quokka barely misses the giant cockroach.
The quokka completely misses your quokka.
The giant cockroach completely misses you.
You closely miss the giant cockroach.
The giant cockroach is moderately wounded.
Your quokka bites the giant cockroach but does no damage.
The quokka barely misses your quokka. The giant cockroach closely misses you.
You hit the giant cockroach.
The giant cockroach is severely wounded.
Your quokka closely misses the giant cockroach.
The quokka bites your quokka but does no damage.
The giant cockroach bites you.
Your quokka bites the giant cockroach but does no damage.
You hit the giant cockroach but do no damage.
The giant cockroach is severely wounded.
The quokka bites your quokka. The giant cockroach barely misses you.
Your quokka bites the giant cockroach.
The giant cockroach dies!
The quokka barely misses your quokka.
You swap places.
The quokka bites you.
You are too injured to fight recklessly!
You are too injured to fight recklessly!
You are too injured to fight recklessly!
You are too injured to fight recklessly!
Unknown command.
You are too injured to fight recklessly!
You closely miss the quokka. Your quokka misses the quokka.
The quokka bites you.
* * * LOW HITPOINT WARNING * * *
You hit the quokka but do no damage.
Your quokka bites the quokka.
The quokka bites you.
Ouch! That really hurt!
You die...

...+ ...#.# ..#.# ..#.# .#
..#####.#.#####.##
...............
######rr.#.#.....#
.......@.......####
###.#...#..........
#..#.#.......##
#...∩........#
....#.#...#.##########
....#...#....$........#
#........................##
#...##.#J..................
#...##.##........########.#


You could see an endoplasm (asleep), a quokka (ally target) and a friendly
quokka (summoned).

Vanquished Creatures
  A bat (D:1)
  A ball python (D:1)
2 creatures vanquished.

Vanquished Creatures (collateral kills)
  2 giant cockroaches (D:1)
  A hobgoblin (D:1)
  A rat (D:1)
4 creatures vanquished.

Grand Total: 6 creatures vanquished

Notes
Turn   | Place    | Note
-------+----------+-------------------------------------------
     0 | D:1      | zeram the Deep Elf Summoner began the quest for the Orb.
     0 | D:1      | Reached XP level 1. HP: 10/10 MP: 6/6
   506 | D:1      | Found Meschixo's Magic Scroll Boutique.
   523 | D:1      | Slain by a quokka

Illustrated notes

Levels and vault maps discovered:
D:1:      matt_arrival_los_fun, layout_basic, basic_ecumenical_altar,
          serial_shops, nicolae_shop_advertising_works
          [nicolae_subvault_shop_adworks]

Action                   || total
-------------------------++-------
Melee: Unarmed           ||    29
 Cast: Summon Small Mamm ||     8
Armor: Robe              ||     5
Dodge: Dodged            ||    19
